 Dungeon Crawl Stone Soup version 0.30-a0-1059-g7dea3e163d (webtiles) character file.

Game seed: 9788975210278194203

807 MacCMillion the Skirmisher (level 7, -8/53 HPs)
             Began as a Demigod Hunter on Apr 12, 2023.
             Mangled by a two-headed ogre
             ... wielding a +0 giant club
              (21 damage)
             ... on level 5 of the Dungeon.
             The game lasted 00:06:06 (5105 turns).

MacCMillion the Skirmisher (Demigod Hunter)         Turns: 5105, Time: 00:06:07

Health: -8/53      AC:  6    Str: 12    XL:     7   Next: 34%
Magic:  9/9        EV: 12    Int: 11    God:
Gold:   184        SH:  5    Dex: 25    Spells: 6/6 levels left

rFire   . . .      SeeInvis .    a - +0 shortbow
rCold   + . .      Faith    .    (shield currently unavailable)
rNeg    . . .      Spirit   .    c - +0 leather armour
rPois   .          Reflect  +    (no helmet)
rElec   .          Rampage  .    f - +0 cloak
rCorr   .                        o - +0 pair of gloves
Will    .....                    j - +0 pair of boots
Stlth   ++                       s - amulet of reflection
HPRegen 0.28/turn                z - ring of protection from cold
MPRegen 0.11/turn                (no ring)

@: no status effects
A: high MP 1, forlorn, divine attributes
a: no special abilities


You were on level 5 of the Dungeon.
You visited 1 branch of the dungeon, and saw 6 of its levels.

You collected 184 gold pieces.

Inventory:

Hand Weapons
 a - a +0 shortbow (weapon)
Missiles
 y - a throwing net
Armour
 c - a +0 leather armour (worn)
 f - a +0 cloak (worn)
 j - a +0 pair of boots (worn)
 o - a +0 pair of gloves (worn)
Jewellery
 s - an amulet of reflection (around neck)
 z - a ring of protection from cold (left hand)
Wands
 w - a wand of paralysis (8)
Scrolls
 b - 2 scrolls of immolation
 g - a scroll of magic mapping
 h - a scroll of poison
 i - a scroll of butterflies
 k - a scroll of enchant weapon {unknown}
 l - a scroll of fear
 m - a scroll of amnesia {unknown}
 n - a scroll of blinking {unknown}
 p - a scroll of teleportation
 q - a scroll of enchant armour {unknown}
 u - a scroll of acquirement {unknown}
 v - a scroll of brand weapon {unknown}
Potions
 d - 3 potions of attraction
 e - 4 potions of heal wounds
 r - a potion of curing
 t - 3 potions of mutation
 x - 2 potions of haste
 A - a potion of lignification {unknown}


   Skills:
 - Level 1.7 Fighting
 + Level 8.5 Ranged Weapons
 - Level 1.7 Dodging
 - Level 2.0 Stealth


You had 6 spell levels left.
You didn't know any spells.
Your spell library contained the following spells:

 Spells                   Type           Power      Damage    Failure   Level
 Lesser Beckoning         Tloc           0%         N/A       56%         2
 Sublimation of Blood     Necr           0%         N/A       56%         2
 Wereblood                Tmut           0%         N/A       56%         2
 Gell's Gravitas          Tloc           0%         N/A       80%         3
 Teleport Other           Tloc           0%         N/A       80%         3
 Vhi's Electric Charge    Tloc/Air       0%         N/A       80%         3
 Arcjolt                  Conj/Air       0%         1d10      100%        5
 Plasma Beam              Fire/Air       0%         2x1d11    100%        6
 Summon Hydra             Summ           0%         N/A       100%        7


Dungeon Overview and Level Annotations

Branches:
Dungeon (6/15)             Temple (0/1) D:4

Shops:
D:1 [   D:2 (

Annotations:
D:2 1 runed translucent door, Crazy Yiuf
D:4 Sigmund


Innate Abilities, Weirdness & Mutations

You have an increased reservoir of magic. (+10% MP)
You shall have no god before yourself.
Your divine heritage dramatically boosts your attributes as you level up.


Message History

You shoot an arrow. The arrow hits the water moccasin!
You kill the water moccasin!
No target in view!
You start resting.
HP restored.
There is a broken door here.
There is a stone staircase leading down here.
You climb downwards.
There is a stone staircase leading up here.
You start waiting.
A two-headed ogre is nearby!
You shoot an arrow.
The arrow hits the two-headed ogre but does no damage.
You shoot an arrow. The arrow hits the two-headed ogre!
The two-headed ogre is lightly wounded.
You shoot an arrow. The arrow hits the two-headed ogre!
The two-headed ogre is moderately wounded.
The orc throws a boomerang.
The boomerang misses you.
You shoot an arrow. The arrow hits the two-headed ogre!
The two-headed ogre is heavily wounded.
You shoot an arrow. The arrow hits the two-headed ogre.
The two-headed ogre is heavily wounded.
You shoot an arrow.
The arrow hits the two-headed ogre but does no damage.
The two-headed ogre is heavily wounded.
The two-headed ogre barely misses you.
The two-headed ogre hits you with a +0 giant club!
You shoot an arrow. The arrow hits the two-headed ogre.
The two-headed ogre is heavily wounded.
The two-headed ogre hits you with a +0 giant club!!
* * * LOW HITPOINT WARNING * * *
The two-headed ogre completely misses you.
You climb upwards.
There is a stone staircase leading down here.
The two-headed ogre attacks as you move away!
The two-headed ogre closely misses you. The two-headed ogre barely misses you.
The two-headed ogre attacks as you move away!
The two-headed ogre barely misses you.
The two-headed ogre hits you with a +0 giant club!!
You die...

#.##.#### #.##.#####...######
#.##.######.##.# ##.......#
#.##........##.# #.#####.#
#.############'## #.# #.# #.#
##...## #.#####># #.####
##.....## #.....#.# #.##.##
##.......###.##..#.#
#.#...####.........##.#...#.##
#........+...@.....'..........
###.#...####..O......###....####
#..#....# ##.......## #.#.##
##.###.#.# ##.....## #.### #.##
##..# ##...## #.# .## ##.# ##'##
#.# #.## ##..# #.#######.#
##.###.#.# #.......#.#
#..#.##.########..####.#.#


You could see a two-headed ogre.

Vanquished Creatures
  2 water moccasins
  A black bear (D:6)
  An ice beast (D:6)
  A scorpion (D:5)
  A hound (D:5)
  2 iguanas
  A sleepcap (D:5)
  A scorpion zombie (D:3)
  2 hound skeletons (D:3)
  4 gnolls
  6 adders
  A white imp (D:5)
  An adder zombie (D:3)
  A worm (D:5)
  3 dart slugs
  9 orcs
  3 endoplasms (D:1)
  4 giant cockroaches
  10 hobgoblins
  2 jackals (D:2)
  3 kobolds (D:1)
  6 quokkas
  3 ball pythons
  2 ball python skeletons (D:3)
  A ball python zombie (D:3)
  4 bats
  2 frilled lizards (D:1)
  4 goblins
  8 rats
89 creatures vanquished.

Vanquished Creatures (others)
  2 fungi (D:2)
  4 withered plants (D:3)
6 creatures vanquished.

Grand Total: 95 creatures vanquished

Notes
Turn   | Place    | Note
-------+----------+-------------------------------------------
     0 | D:1      | MacCMillion the Demigod Hunter began the quest for the Orb.
     0 | D:1      | Reached XP level 1. HP: 17/17 MP: 3/3
    11 | D:1      | Reached skill level 1 in Stealth
   102 | D:1      | Found Qoelu's Armour Shop.
   278 | D:1      | Reached XP level 2. HP: 24/24 MP: 4/4
   472 | D:1      | Reached skill level 4 in Ranged Weapons
   836 | D:2      | Reached XP level 3. HP: 28/29 MP: 5/5
  1333 | D:2      | Found Erahav's Weapon Emporium.
  1522 | D:2      | Found a runed translucent door.
  1523 | D:2      | Noticed Crazy Yiuf
  1746 | D:3      | Identified the +10 hand axe of Otsoomp {flame, *Noise rCorr
                  | Dex+4}
  1776 | D:3      | Reached XP level 4. HP: 30/36 MP: 6/6
  1778 | D:3      | Reached skill level 5 in Ranged Weapons
  2223 | D:4      | Reached XP level 5. HP: 41/41 MP: 7/7
  2392 | D:4      | Reached skill level 6 in Ranged Weapons
  2392 | D:4      | Found a staircase to the Ecumenical Temple.
  2493 | D:4      | Noticed Sigmund
  2767 | D:5      | Entered Level 5 of the Dungeon
  3527 | D:5      | Reached XP level 6. HP: 44/48 MP: 8/8
  3892 | D:5      | Reached skill level 7 in Ranged Weapons
  4809 | D:6      | Noticed a water moccasin
  4816 | D:6      | Killed a water moccasin
  4817 | D:6      | Reached XP level 7. HP: 51/53 MP: 9/9
  4862 | D:6      | Reached skill level 8 in Ranged Weapons
  4945 | D:6      | Noticed a two-headed ogre
  5105 | D:5      | Mangled by a two-headed ogre

Illustrated notes

Levels and vault maps discovered:
D:1:      minmay_arrival_split_and_join, layout_basic, serial_shops,
          nicolae_diamond_shop, dk_noncrumbling_4
D:2:      layout_rooms, serial_rivers, chequers_serial_rivers_small_a,
          chequers_serial_rivers_room_a, chequers_serial_rivers_micro_a,
          chequers_serial_rivers_large_b, chequers_serial_rivers_micro_b,
          chequers_serial_rivers_room_b, serial_shops, shop_fountains,
          uniq_crazy_yiuf_cottage
D:3:      layout_basic, serial_undead, serial_undead_b, serial_undead_f,
          serial_undead_d, serial_undead_b
D:4:      layout_basic, minmay_temple_entry_trees, uniq_sigmund
D:5:      layout_loops_corners
D:6:      wander_river, layout_layer_cave, minmay_manual_mess

Skill      XL: |  1  2  3  4  5  6  7 |
---------------+----------------------+-----
Stealth        | 1 2 |  2.0
Ranged Weapons | 4 5 6 7 8 |  8.5
Fighting       | |  1.7
Dodging        | |  1.7

Action                     |  1- 3 |  4- 6 |  7- 9 || total
---------------------------+-------+-------+-------++-------
   Fire: Shortbow          |   142 |   140 |    27 ||   309
    Use: Scroll            |       |     2 |     7 ||     9
         Potion            |       |       |     1 ||     1
 Armour: Leather armour    |    39 |    10 |     3 ||    52
  Dodge: Dodged            |    54 |    21 |    17 ||    92
  Block: Other             |     5 |    12 |     5 ||    22
         Reflection        |       |     1 |       ||     1

Table legend: (Time is in decaauts)
 A = Elapsed time spent in this place.
 B = Non-inter-level travel time spent in this place.
 C = Inter-level travel time spent in this place.
 D = Time resting spent in this place.
 E = Time spent auto-exploring this place.
 F = Levels seen in this place.
 G = Mean time per level.
                   A        B        C        D        E       F      G
               +--------+--------+--------+--------+--------+-----+--------+
         Total |   5248 |   5006 |    242 |    929 |   3383 |   6 |  874.7 |
       Dungeon |   5248 |   5006 |    242 |    929 |   3383 |   6 |  874.7 |
               +--------+--------+--------+--------+--------+-----+--------+

Top non-repeatable levels by time:
     D:5: 2039 daAuts
     D:2: 933 daAuts
     D:1: 820 daAuts
     D:4: 718 daAuts
     D:3: 439 daAuts
     D:6: 297 daAuts
